 Seeded DCSS version 0.29.1-15-g9cfb28693d (webtiles) character file.

Game seed: 1 (custom seed)

0 Kazon the Covered (level 1, 17/18 HPs)
             Began as a Barachi Fighter on Mar 16, 2023.
             Quit the game on level 1 of the Dungeon.
             The game lasted 00:00:32 (36 turns).

Kazon the Covered (Barachi Fighter)                   Turns: 36, Time: 00:00:32

Health: 17/18      AC:  6    Str: 17    XL:     1   Next: 10%
Magic:  1/1        EV:  9    Int:  8    God:
Gold:   16         SH:  4    Dex: 11    Spells: 0/0 levels left

rFire   . . .      SeeInvis .   a - +0 long sword
rCold   . . .      Faith    .   c - +0 buckler
rNeg    . . .      Spirit   .   b - +0 scale mail
rPois   .          Reflect  .   (no helmet)
rElec   .          Harm     .   (no cloak)
rCorr   .          Rampage  .   (no gloves)
Will    .....                   (no boots)
Stlth   ..........              (no amulet)
HPRegen 0.06/turn               (no ring)
MPRegen 0.07/turn               (no ring)

@: slow
A: amphibious, slowness 1, strong legs 1, +LOS
a: Hop


You were on level 1 of the Dungeon.
You visited 1 branch of the dungeon, and saw 1 of its levels.

You collected 16 gold pieces.

Inventory:

Hand Weapons
 a - a +0 long sword (weapon)
Armour
 b - a +0 scale mail (worn)
 c - a +0 buckler (worn)
Scrolls
 f - a scroll of acquirement
Potions
 d - a potion of might
 e - a potion of haste {unknown}


   Skills:
 + Level 3.6 Fighting
 + Level 2.4 Long Blades
 + Level 3.6 Armour
 + Level 3.3 Shields


You couldn't memorise any spells.
You didn't know any spells.
Your spell library was empty.

Dungeon Overview and Level Annotations

Branches:
Dungeon (1/15)

Altars:


Innate Abilities, Weirdness & Mutations

You are amphibious.
You cover ground slowly.
You can hop short distances.
You have an extended range of vision and can be seen from far away.


Message History

Welcome, Kazon the Barachi Fighter.
Game seed: 1 (custom seed); Press ? for a list of commands and other information.
Found a staircase leading out of the dungeon.
You open the door.
There is an open door here.
As you open the door, it creaks loudly!
There is an open door here.
A bat comes into view.
Found 16 gold pieces and an inky potion.
Found a dented jasper amulet and a ruby potion.
The bat attacks as you move away! The bat barely misses you.
The bat hits you but does no damage. x2
The bat closely misses you.
You see here 16 gold pieces.
You now have 16 gold pieces.
The bat hits you. The bat barely misses you. You block the bat's attack.
The bat hits you but does no damage. x2
The bat hits you but does no damage. The bat barely misses you.
Found a scroll labelled JOSIER CEATEUS and 15 gold pieces.
The bat barely misses you.
You see here an inky potion.
e - an inky potion You block the bat's attack.
The bat barely misses you. The bat hits you but does no damage.
The bat hits you but does no damage. The bat hits you.
You block the bat's attack. x2
You block the bat's attack. The bat hits you but does no damage.
You see here a scroll labelled JOSIER CEATEUS.
f - a scroll labelled JOSIER CEATEUS The bat hits you but does no damage.
The bat closely misses you. You block the bat's attack.
This is a scroll of acquirement!
You slash the bat!
You kill the bat!
Are you sure you want to abandon this character and quit the game? (Confirm with "yes".)

... #.# ...### #.# #
#####.#.### #'# #.
#.........###### #.## ...
#.. ......"...###...
....#..####..........##..
......$......##....##..
#...................
+..@................
#.....#.##..........
.......#...#.#.......##..
..####.#...#.#..#....##..
. #...#.........##.. ..
....+.........##.. ..
.....##........##..
.......####........# ..
........# #....#####


There were no monsters in sight!

Vanquished Creatures
  A bat (D:1)
1 creature vanquished.

Notes
Turn   | Place    | Note
-------+----------+-------------------------------------------
     0 | D:1      | Kazon the Barachi Fighter began the quest for the Orb.
     0 | D:1      | Reached XP level 1. HP: 18/18 MP: 1/1
    35 | D:1      | Identified a scroll of acquirement
    36 | D:1      | Quit the game

Illustrated notes

Levels and vault maps discovered:
D:1:      dpeg_arrival_three_smaller_balls, layout_basic

Action                   || total
-------------------------++-------
Melee: Long sword        ||     1
Armor: Scale mail        ||     9
Dodge: Dodged            ||     7
Block: Buckler           ||     6
